 Dungeon Crawl Stone Soup version 0.18-a0-1574-g3f9d221 (webtiles) character file.

47 MrRokkomies the Caller (level 3, 18/24 HPs)
             Began as an Octopode Summoner on Mar 15, 2016.
             Was a Follower of Yredelemnul.
             Quit the game on level 2 of the Dungeon on Mar 16, 2016.
             The game lasted 00:10:27 (1106 turns).

MrRokkomies the Caller (Octopode Summoner)          Turns: 1106, Time: 00:10:27

Health: 18/24      AC:  1    Str:  7    XL:     3   Next: 70%
Magic:  12/15      EV: 13    Int: 18    God:    Yredelemnul [*.....]
Gold:   105        SH:  0    Dex: 12    Spells: 2 memorised, 2 levels left

rFire  . . .     SeeInvis .     h - +0 mace
rCold  . . .     Gourm    .     (no shield)
rNeg   . . .     Faith    .     (helmet restricted)
rPois  .         Spirit   .     (no amulet)
rElec  .         Dismiss  .     k - ring of magical power
rCorr  .         Reflect  .     (no ring)
SustAt .         Harm     .     (no ring)
MR     .....                    (no ring)
Stlth  +++.......               (no ring)
                                (no ring)
                                (no ring)
                                (no ring)

@: not resistant to hostile enchantments, fairly stealthy
A: almost no armour, amphibious, 8 rings, constrict 8, camouflage 1, gelatinous
body 1
a: Animate Remains, Renounce Religion


You were on level 2 of the Dungeon.
You worshipped Yredelemnul.
Yredelemnul was aware of your devotion.
You were hungry.

You visited 1 branch of the dungeon, and saw 2 of its levels.

You collected 105 gold pieces.

Inventory:

Hand Weapons
 h - a +0 mace (weapon)
Jewellery
 k - a ring of magical power (left tentacle)
Scrolls
 g - a scroll of remove curse
 i - a scroll of enchant armour {unknown}
 m - a scroll of enchant weapon {unknown}
 n - a scroll of identify {unknown}
Potions
 c - a potion of ambrosia {unknown}
 d - 2 potions of heal wounds {unknown}
 e - a potion of might (quivered) {unknown}
 j - a potion of degeneration {unknown}
 l - a potion of flight {unknown}
Books
 a - a book of Callings

   Spells                             Type                      Level
   a - Summon Small Mammal            Summoning                    1
   b - Call Imp                       Summoning                    2
   c - Call Canine Familiar           Summoning                    3
   d - Summon Guardian Golem          Hexes/Summoning              3
   e - Summon Lightning Spire         Summoning/Air                4
   f - Summon Ice Beast               Ice/Summoning                4
Comestibles
 b - a bread ration
 f - a royal jelly


   Skills:
 * Level 2.0 Fighting
 * Level 3.1 Dodging
 - Level 2.6 Stealth
 - Level 2.0 Spellcasting
 - Level 4.0 Summonings


You had 2 spell levels left.
You knew the following spells:

 Your Spells              Type           Power        Failure   Level  Hunger
a - Summon Small Mammal   Summ           ###.         3%          1    #......
b - Call Canine Familiar  Summ           ###.....     12%         3    ###....


Dungeon Overview and Level Annotations

Branches:
Dungeon (2/15)

Altars:
Cheibriados
Xom
Yredelemnul

Annotations:
D:2 Ijyb


Innate Abilities, Weirdness & Mutations

You cannot wear most types of armour.
You are amphibious.
You can wear up to eight rings at the same time.
You can use your tentacles to constrict eight enemies at once.
Your skin changes colour to match your surroundings (Stealth).
Your rubbery body absorbs attacks (AC +1).


Message History

You are no longer poisoned.
Your magical contamination has completely faded away.
There is a faded altar to an unknown god here.
This altar will convert you to a god.
You cannot discern which.
Do you pray?
Okay, then.
This altar will convert you to a god.
You cannot discern which.
Do you pray? Yredelemnul accepts your prayer! Yredelemnul welcomes you!
You can now animate remains.
Quiver which item? (- for none, * to show all) (? for menu, Esc to quit)
You don't have any such object.
Quiver which item? (- for none, * to show all) (? for menu, Esc to quit)
Huh?
Quiver which item? (- for none, * to show all) (? for menu, Esc to quit)
You don't have any such object.
Quiver which item? (- for none, * to show all) (? for menu, Esc to quit)
Quivering
e - a fizzy brown potion for throwing.
Are you sure you want to abandon this character and quit the game? (Confirm with "yes".)
Okay, then.
Are you sure you want to abandon this character and quit the game? (Confirm with "yes".)

..........#†#............#.#.
..........#.#..<.........#...#
..........#.#.................
.....####.#.#.........#.###.#.
.....# #.#.####...............
.....####.#.#########.#........
.......##.#.##.....##.........
.......##.#.##..#...#..........
.##.......#(# #@#..##..##.##..
.##....####.#...#h.............
.#........#.#......###......#..
.#.######.#.#......g...........
.#.# ##'#.###..###...........
.#.# #.......#...#...###.#.#.
.#.# #.....#...#....... .#.#
.#.# ##...#...#...#...#. #
##.####..#...#...#...#..


You could see a hobgoblin and a friendly hound.

Vanquished Creatures
  2 dart slugs
  2 giant geckos
  A ball python (D:2)
  4 goblins
  3 hobgoblins (D:1)
  2 jackals (D:2)
  A quokka (D:2)
  3 bats (D:2)
  2 giant newts
  3 kobolds
  5 rats (D:1)
28 creatures vanquished.

Vanquished Creatures (collateral kills)
  2 adders (D:2)
2 creatures vanquished.

Grand Total: 30 creatures vanquished

Notes
Turn   | Place    | Note
--------------------------------------------------------------
     0 | D:1      | MrRokkomies the Octopode Summoner began the quest for the Orb.
     0 | D:1      | Reached XP level 1. HP: 11/11 MP: 3/3
   170 | D:1      | Reached skill level 1 in Fighting
   170 | D:1      | Reached XP level 2. HP: 15/18 MP: 5/5
   395 | D:1      | Found a shimmering altar of Xom.
   628 | D:2      | Reached XP level 3. HP: 15/23 MP: 6/6
   633 | D:2      | Learned a level 3 spell: Call Canine Familiar
   633 | D:2      | Upgraded the game from 0.18-a0-1572-g0a86841 to 0.18-a0-1574-g3f9d221
   717 | D:2      | Found a snail-covered altar of Cheibriados.
   725 | D:2      | Noticed Ijyb
  1079 | D:2      | Found a faded altar to an unknown god.
  1106 | D:2      | Became a worshipper of Yredelemnul the Dark
  1106 | D:2      | Reached * piety under Yredelemnul
  1106 | D:2      | Quit the game

Vault maps used:
D:1:      arrival_zaba_pyramid, xom_teletrap_fun
D:2:      cheibriados_altar_1, ecumenical_altar_1, hex_large, uniq_iyjb

Skill      XL: |  1  2  3 |
---------------+----------+-----
Fighting       | 1 2 |  2.0
Dodging        | 3 |  3.1
Stealth        | |  2.6
Spellcasting   | |  2.0
Summonings     | |  4.0

Action                   || total
-------------------------++-------
Melee: Whip              ||    25
       Unarmed           ||     2
       Mace              ||    29
 Cast: Call Canine Famil ||     2
  Use: Scroll            ||     4
 Stab: Sleeping          ||     8
